AoeStats
← gyukii

Arena

509369085Analyzed
1v1 RM · 7d ago on Sep 26, 2026· 32m 12s· 2 players
Game mode
Random Map
Map size
Tiny (2 player)
Population
200
Speed
Normal
Resources
Standard
Victory
Conquest
Starting age
Dark Age
Ending age
Imperial Age
RankedLock teamsTeams togetherTeam positionsShared explorationLock speedFull tech treeHidden civsTurbo modeCheats
Victory
Defeat
🇨🇳 Japanese · China
1173
+16
🇨🇳 Huns · China
1179
-16
gyukii
10:34 Feudal Age
11:28 Double-Bit Axe
14:37 Castle Age
12:43 Horse Collar
17:21 Loom
22:40 Wheelbarrow
21:59 Pikeman
24:27 Bow Saw
24:35 Hand Cart
25:33 Stone Mining
25:38 Gold Mining
26:50 Town Watch
27:16 Heavy Plow
29:51 Imperial Age
27:23 Heavy Plow
27:58 Man-at-Arms
28:23 Gambesons
28:39 Squires
29:03 Ballistics
29:39 Masonry
29:33 Scale Mail Armor
29:43 Forging
29:58 Fletching
30:32 Chain Mail Armor
30:14 Halberdier
32:25 Two-Man Saw
32:05 Gold Shaft Mining
33:01 Plate Mail Armor
放心鱼
5:33 Loom
11:29 Feudal Age
15:19 Castle Age
13:06 Double-Bit Axe
13:12 Stone Mining
13:50 Horse Collar
16:52 Heavy Plow
22:27 Gold Mining
22:49 Bow Saw
27:45 Imperial Age
25:52 Forging
26:28 Pikeman
27:08 Squires
28:01 Iron Casting
27:26 Scale Mail Armor
29:17 Scale Mail Armor
29:07 Fletching
31:35 Bodkin Arrow
Connection lost

Rejoining the realm…

Still unreachable

The connection could not be restored.

Session expired

The server has moved on; the page needs a fresh start.